 Dungeon Crawl Stone Soup version 0.31-a0-188-g5e087ee2ca (webtiles) character file.

Game seed: 10676350458838567420

76 qw the Shooter (level 4, -13/25 HPs)
             Began as a Deep Elf Hunter on June 23, 2023.
             Killed from afar by Ijyb (23 damage)
             ... with a bolt of acid
             ... on level 3 of the Dungeon.
             The game lasted 00:00:42 (1447 turns).

qw the Shooter (Deep Elf Hunter)                    Turns: 1447, Time: 00:00:42

Health: -13/25     AC:  4    Str: 10    XL:     4   Next: 12%
Magic:  0/6        EV: 13    Int: 14    God:
Gold:   81         SH:  0    Dex: 24    Spells: 3/3 levels left

rFire   . . .        Y - +0 shortbow
rCold   . . .        (shield currently unavailable)
rNeg    . . .        h - +2 animal skin
rPois   .            j - +0 helmet
rElec   .            (no cloak)
rCorr   .            e - +2 pair of gloves
SInv    .            (no boots)
Will    .....        n - amulet of guardian spirit
Stlth   ++           o - +6 ring of dexterity
HPRegen 0.24/turn    (no ring)
MPRegen 0.10/turn

%: guardian spirit
@: corroded
A: no striking features
a: no special abilities


You were on level 3 of the Dungeon.
You visited 1 branch of the dungeon, and saw 3 of its levels.

You collected 81 gold pieces.


   Skills:
 - Level 1.5 Fighting
 - Level 7.5 Ranged Weapons
 + Level 2.4 Dodging
 - Level 1.2 Stealth


You had 3 spell levels left.
You didn't know any spells.
Your spell library was empty.

Inventory:

Hand Weapons
 Y - a +0 shortbow (weapon)
Armour
 e - a +2 pair of gloves (worn)
 h - a +2 animal skin (worn)
 j - a +0 helmet (worn)
Jewellery
 n - an amulet of guardian spirit (around neck)
 o - a +6 ring of dexterity (left hand)
Scrolls
 f - a scroll of identify
Potions
 a - a potion of enlightenment
 g - a potion of mutation {unknown}
 i - a potion of lignification {unknown}
 l - a potion of haste

Dungeon Overview and Level Annotations

Branches:
Dungeon (3/15)

Altars:

Annotations:
D:2 1 runed translucent door, Crazy Yiuf
D:3 Ijyb


Message History

The kobold shouts!
The arrow hits the kobold but does no damage.
You shoot an arrow. The arrow hits the kobold.
The kobold is moderately wounded.
You shoot an arrow. The arrow hits the kobold.
You kill the kobold!
You feel yourself slow down.
You shoot an arrow. The arrow hits the kobold!
You kill the kobold!
Found 4 boomerangs.
Found a stone staircase leading up.
You see here a wand of acid (11).
There is a stone staircase leading up here.
Ijyb the Twisted Goblin comes into view.
She is wielding a +1 spectral club and carrying a wand of acid (13).
You shoot an arrow. The arrow hits Ijyb.
Ijyb shouts!
Ijyb is lightly wounded.
You shoot an arrow. The arrow barely misses Ijyb.
You shoot an arrow. The arrow hits Ijyb.
Ijyb is moderately wounded.
You shoot an arrow. The arrow barely misses Ijyb.
Ijyb zaps a wand.
The bolt of acid hits you!!
Ouch! That really hurt!
The acid corrodes you!
You shoot an arrow. The arrow barely misses Ijyb.
You shoot an arrow. The arrow hits Ijyb but does no damage.
Ijyb is moderately wounded.
You shoot an arrow. The arrow hits Ijyb but does no damage.
Ijyb is moderately wounded.
You shoot an arrow. The arrow hits Ijyb but does no damage.
Ijyb is moderately wounded.
Ijyb hits you with a +1 spectral club.
You shoot an arrow. The arrow hits Ijyb but does no damage.
Ijyb is moderately wounded.
Ijyb barely misses you.
You shoot an arrow. The arrow hits Ijyb.
Ijyb is moderately wounded.
Ijyb zaps a wand.
The bolt of acid hits you!!
Ouch! That really hurt!
You die...

#.# #.# #.#
#.#
#.###########
#...........#
###########.#
#.##########
#...@g......
#.##########
#.# ###


You could see Ijyb.

Vanquished Creatures
  Robin (D:2)
  2 worms (D:2)
  2 dart slugs (D:1)
  A bat (D:2)
  2 endoplasms (D:1)
  2 giant cockroaches (D:1)
  9 hobgoblins
  3 kobolds
  3 quokkas (D:1)
  6 ball pythons
  2 frilled lizards
  11 goblins
  4 rats
48 creatures vanquished.

Notes
Turn   | Place    | Note
-------+----------+-------------------------------------------
     0 | D:1      | qw the Deep Elf Hunter began the quest for the Orb.
     0 | D:1      | Reached XP level 1. HP: 12/12 MP: 3/3
     0 | D:1      | 0 ||| qw: Version: 0.3-a-9-g12657ce
     0 | D:1      | 0 ||| qw: Game counter: 4061
     0 | D:1      | 0 ||| qw: Always use a shield: true
     0 | D:1      | 0 ||| qw: God list: Okawaru
     0 | D:1      | 0 ||| qw: Allow faded altars: false
     0 | D:1      | 0 ||| qw: Do Orc after D:15 true
     0 | D:1      | 0 ||| qw: Do second Lair branch before Depths: true
     0 | D:1      | 0 ||| qw: Lair rune preference: random
     0 | D:1      | 0 ||| qw: Plans: Normal
     0 | D:1      | 0 ||| PLANNING D:1-11
   140 | D:1      | Reached skill level 6 in Ranged Weapons
   140 | D:1      | Reached XP level 2. HP: 16/16 MP: 4/4
   585 | D:1      | 585 ||| UPGRADING to +0 pair of gloves.
   590 | D:1      | 590 ||| UPGRADING to amulet of guardian spirit.
   595 | D:1      | 595 ||| READING 3 scrolls labelled NUCORU LUMIAH.
   596 | D:1      | 596 ||| READING 2 scrolls labelled YPUCKI IR PACK.
   597 | D:1      | 597 ||| READING scroll labelled CIGIES YFOINOCH.
   598 | D:1      | 598 ||| READING scroll labelled LUSCHO MEEMI.
   599 | D:1      | 599 ||| READING scroll labelled VOTIVIALIPH.
   600 | D:1      | 600 ||| READING 2 scrolls labelled HOREOD LERARYSOA.
   604 | D:1      | 604 ||| READING 3 scrolls labelled ZESSIU TECZA.
   605 | D:1      | 605 ||| READING 2 scrolls of enchant armour.
   605 | D:1      | 605 ||| ENCHANTING +0 pair of gloves.
   606 | D:1      | 606 ||| READING scroll of enchant armour.
   606 | D:1      | 606 ||| ENCHANTING +1 pair of gloves.
   607 | D:1      | 607 ||| DROPPING 2 scrolls of poison.
   608 | D:1      | 608 ||| DROPPING scroll of butterflies.
   645 | D:2      | Reached XP level 3. HP: 20/20 MP: 5/5
   697 | D:2      | Noticed Robin
   703 | D:2      | Reached skill level 7 in Ranged Weapons
   709 | D:2      | HP: 2/20 [hobgoblin[Robin] (4)]
   710 | D:2      | 710 ||| READING scroll of teleportation.
   860 | D:2      | Killed Robin
   863 | D:2      | Reached XP level 4. HP: 13/25 MP: 3/6
   960 | D:2      | Found a runed translucent door.
   961 | D:2      | Noticed Crazy Yiuf
  1106 | D:2      | Found a faded altar of an unknown god.
  1287 | D:2      | 1287 ||| UPGRADING to +2 animal skin.
  1297 | D:2      | 1297 ||| DROPPING +0 leather armour.
  1298 | D:2      | 1298 ||| UPGRADING to +0 helmet.
  1303 | D:2      | 1303 ||| DROPPING scarf of harm.
  1304 | D:2      | 1304 ||| UPGRADING to +6 ring of dexterity.
  1305 | D:2      | 1305 ||| READING scroll labelled QIORYA BELE.
  1306 | D:2      | 1306 ||| READING scroll labelled MOAKLE CIOVUB.
  1342 | D:2      | 1342 ||| READING scroll labelled NEISEAN PILUCK.
  1343 | D:2      | 1343 ||| DRINKING 2 coppery potions.
  1344 | D:2      | 1344 ||| READING 2 scrolls of identify.
  1344 | D:2      | 1344 ||| IDENTIFYING grey potion
  1437 | D:3      | Noticed Ijyb
  1447 | D:3      | Killed from afar by Ijyb

Levels and vault maps discovered:
D:1:      amcnicky_arrival_abandoned_market, layout_loops_ring
D:2:      layout_rooms, hellmonk_ecumenical_altar_arch_garden, uniq_robin,
          uniq_crazy_yiuf_cottage
D:3:      layout_basic, xom_teletrap_fun, serial_shops, shop, minmay_liquid_box,
          uniq_ijyb

Skill      XL: |  1  2  3 |
---------------+----------+-----
Ranged Weapons | 6 7 |  7.5
Fighting       | |  1.5
Dodging        | |  2.4
Stealth        | |  1.2

Action                     |  1- 3 |  4- 6 || total
---------------------------+-------+-------++-------
   Fire: Shortbow          |   116 |    24 ||   140
    Use: Scroll            |    10 |     4 ||    14
         Potion            |       |     1 ||     1
 Armour: Leather armour    |    16 |       ||    16
  Dodge: Dodged            |    45 |     1 ||    46

Table legend:
 A = Non-vault XP
 B = Vault XP
 C = Vault XP percentage of total XP
 D = Non-vault monster count
 E = Vault monster count
 F = Vault count percentage of total count
                 A         B        C        D         E       F
            +---------+---------+-------+---------+---------+-------
      Total |      69 |      40 |  36.7 |      35 |      13 |  27.1
            +---------+---------+-------+---------+---------+-------
        D:1 |      36 |       0 |   0.0 |      19 |       0 |   0.0
        D:2 |      30 |      40 |  57.1 |      14 |      13 |  48.1
        D:3 |       3 |       0 |   0.0 |       2 |       0 |   0.0
            +---------+---------+-------+---------+---------+-------
